 Dungeon Crawl Stone Soup version 0.20.1-1-g8b1a95d (webtiles) character file.

306 Gnungangingling the Slasher (level 6, -5/53 HPs)
             Began as a Hill Orc Fighter on Sept 8, 2017.
             Was an Initiate of Beogh.
             Killed by divine providence
             ... invoked by an orc priest
              (9 damage)
             ... on level 4 of the Dungeon.
             The game lasted 00:15:03 (2872 turns).

Gnungangingling the Slasher (Hill Orc Fighter)      Turns: 2872, Time: 00:15:03

Health: -5/53      AC: 11    Str: 20    XL:     6   Next: 39%
Magic:  6/6        EV:  8    Int:  8    God:    Beogh [......]
Gold:   136        SH: 11    Dex:  9    Spells: 5/5 levels left

rFire    + . .     SeeInvis .   a - +1 long sword
rCold    x . .     Gourm    .   n - +2 shield
rNeg     . . .     Faith    .   b - +0 scale mail
rPois    .         Spirit   .   (no helmet)
rElec    .         Reflect  .   q - +0 cloak
rCorr    .         Harm     .   m - +0 pair of gloves
MR       .....                  (no boots)
Stlth    ..........             i - amulet of magic regeneration
Regen    0.2/turn               e - ring of fire
MPRegen  0.2/turn               (no ring)

@: no status effects
A: icy blue scales 1, clumsy 1
a: Renounce Religion


You were on level 4 of the Dungeon.
You worshipped Beogh.
Beogh was noncommittal.
You were not hungry.

You visited 1 branch of the dungeon, and saw 4 of its levels.

You collected 136 gold pieces.

Inventory:

Hand Weapons
 a - a +1 long sword (weapon)
Armour
 b - a +0 scale mail (worn)
 m - a +0 pair of gloves (worn)
 n - a +2 shield (worn)
 q - a +0 cloak (worn)
Jewellery
 e - a ring of fire (left hand)
 i - an amulet of magic regeneration (around neck)
 p - an uncursed ring of ice {unknown}
Scrolls
 j - 2 scrolls of teleportation
 v - 2 scrolls of identify
 w - a scroll of recharging {unknown}
 x - a scroll of immolation {unknown}
 y - a scroll of remove curse {unknown}
 A - a scroll of magic mapping {unknown}
Potions
 d - a potion of might
 g - a potion of berserk rage {unknown}
 l - 2 potions of magic {unknown}
 o - a potion of lignification {unknown}
 s - a potion of flight {unknown}
 t - a potion of resistance {unknown}
 u - a potion of curing {unknown}
 z - a potion of brilliance {unknown}
Comestibles
 c - 2 royal jellies
 f - a bread ration
 k - 6 fruits
 r - a meat ration


   Skills:
 + Level 4.3 Fighting
 + Level 4.9 Long Blades
 + Level 4.9 Armour
 + Level 1.0 Dodging
 + Level 0.1 Stealth
 + Level 4.1 Shields


You had 5 spell levels left.
You didn't know any spells.

Dungeon Overview and Level Annotations

Branches:
Dungeon (4/15)
 Temple: D:4-7

Altars:
Ashenzari
Hepliaklqana
Kikubaaqudgha
Makhleb
Trog
Vehumet
Xom


Innate Abilities, Weirdness & Mutations

You are partially covered in icy blue scales. (AC +2)
You are clumsy. (Dex -2)


Message History

You closely miss the orc wizard.
The orc wizard is heavily wounded.
The orc wizard hits you with a dagger.
* * * LOW HITPOINT WARNING * * *
The orc priest closely misses you. You block the orc priest's attack.
You completely miss the orc wizard.
The orc wizard is heavily wounded.
The orc wizard barely misses you.
The orc priest invokes the aid of Beogh against you.
Beogh smites you!
* * * LOW HITPOINT WARNING * * *
The orc priest hits you but does no damage.
The orc priest closely misses the orc priest.
Something closely misses the orc priest.
You block the orc wizard's attack.
The orc wizard casts a cantrip, but nothing happens.
The orc priest mumbles some strange prayers to Beogh against you.
Beogh smites you!
You die...
Beogh appreciates the orc priest's killing of a heretic priest.

###
#######.#######
#........<.<.....
#.#######.#######
#.#o.o.@..#
#.#.####### #.#.#
#.#o#
######.#.#######
.....o..).......
####.#.#.....###
#.#####.# #. #


You could see an orc priest and an orc wizard.

Vanquished Creatures
  A centaur (D:3)
  A howler monkey (D:3)
  A crimson imp (D:2)
  An orc wizard (D:3)
  4 adders
  An ooze (D:3)
  A worm (D:2)
  2 dart slugs (D:1)
  2 leopard geckos
  8 orcs (D:3)
  11 goblins
  12 hobgoblins
  9 kobolds
  2 quokkas (D:3)
  2 ball pythons
  8 bats
  6 frilled lizards
  7 rats
79 creatures vanquished.

Vanquished Creatures (others)
  An orc (D:4)
1 creature vanquished.

Grand Total: 80 creatures vanquished

Notes
Turn   | Place    | Note
-------+----------+-------------------------------------------
     0 | D:1      | Gnungangingling the Hill Orc Fighter began the quest for the Orb.
     0 | D:1      | Reached XP level 1. HP: 19/19 MP: 1/1
    51 | D:1      | Reached XP level 2. HP: 5/27 MP: 2/2
   476 | D:1      | Reached XP level 3. HP: 21/33 MP: 3/3
   668 | D:1      | Gained mutation: You are clumsy. (Dex -2) [potion of mutation]
   668 | D:1      | Gained mutation: You are partially covered in icy blue scales. (AC +2) [potion of mutation]
  1078 | D:2      | Found a bloodstained altar of Trog.
  1289 | D:2      | Found a burning altar of Makhleb.
  1292 | D:2      | Reached XP level 4. HP: 38/40 MP: 4/4
  1304 | D:2      | Found a radiant altar of Vehumet.
  1304 | D:2      | Found a shimmering altar of Xom.
  1313 | D:2      | Became a worshipper of Vehumet
  1520 | D:2      | Found a shattered altar of Ashenzari.
  1853 | D:3      | Reached XP level 5. HP: 40/46 MP: 5/5
  2169 | D:3      | Noticed a centaur
  2183 | D:3      | Killed a centaur
  2183 | D:3      | Reached * piety under Vehumet
  2183 | D:3      | Offered knowledge of Magic Dart by Vehumet.
  2254 | D:3      | Found an ancient bone altar of Kikubaaqudgha.
  2273 | D:3      | Reached XP level 6. HP: 31/53 MP: 6/6
  2448 | D:3      | Found a hazy altar of Hepliaklqana.
  2592 | D:3      | Reached skill level 1 in Dodging
  2847 | D:4      | Fell from the grace of Vehumet
  2847 | D:4      | Became a worshipper of Beogh the Brigand
  2863 | D:4      | HP: 2/53 [orc priest/divine providence (10)]
  2872 | D:4      | Killed from afar by an orc priest

Skill      XL: |  1  2  3  4  5  6 |
---------------+-------------------+-----
Fighting       | 4 |  4.3
Armour         | 4 |  4.9
Long Blades    | 3 4 |  4.9
Shields        | 4 |  4.1
Dodging        | 1 |  1.0
Stealth        | |  0.1

Action                   |  1- 3 |  4- 6 || total
-------------------------+-------+-------++-------
Melee: Long sword        |   106 |   173 ||   279
Invok: Convert to Beogh  |       |     1 ||     1
  Use: Scroll            |     3 |     1 ||     4
       Potion            |     2 |     1 ||     3
  Eat: Chunk             |     1 |     1 ||     2
       Bread ration      |       |     1 ||     1
       Fruit             |       |     1 ||     1
Armor: Scale mail        |    51 |    93 ||   144
Dodge: Dodged            |    42 |    37 ||    79
Block: Shield            |    60 |   111 ||   171
       Rpst.: Long sword |    15 |    13 ||    28
